[ AOE2 MATCH · #508131222 ]
UnrankedBurgundians vs Magyars
Rival team · LOSS
[ REPLAY ANALYSIS · EXTRACTED FROM THE RECORDED GAME ]
Feudal
8:58
Castle
20:02
Imperial
32:35
| APM avg | 44.0 |
| APM peak | 92 |
| eAPM avg | 20.5 |
| Villagers / military | 130 / 31 |
Focus
⚔️ 35.1% · 🌾 64.9%
Coustillier ×19 · Battering Ram ×4 · Flemish Militia ×3 · Monk ×2 · Archer ×1 · Knight ×1
Feudal
10:31
Castle
17:52
Imperial
—
| APM avg | 41.4 |
| APM peak | 95 |
| eAPM avg | 20.4 |
| Villagers / military | 71 / 15 |
Focus
⚔️ 36.0% · 🌾 64.0%
Magyar Huszar ×7 · Monk ×6 · Mangonel ×1 · Scorpion ×1
Match map
Initial resources + every placement click. Lines = walls · curves = elevation contours. ◆ gold · ⬟ stone · ● berries · ✦ relic · ◌ wall gap
Your base· ✓ Closed at 20:02 · 33t walls · 1 gate(s)
VL Guardian Azul's base· ✓ Closed at 17:52 · 53t walls · 1 gate(s)
Smoothed initial terrain · ◌ = detected wall gap · hover for details
Inputs per minute
— Arietta Fine - - VL Guardian Azul
Build order — Arietta Fine
First 150 of 249 actions detected
| 0:01 | Queue | Villager (Male) |
| 0:01 | Queue | Villager (Male) |
| 0:02 | Queue | Villager (Male) |
| 0:03 | Build | House |
| 0:05 | Build | House |
| 0:16 | Queue | Villager (Male) |
| 1:32 | Queue | Villager (Male) |
| 2:00 | Build | Lumber Camp |
| 2:03 | Queue | Villager (Male) |
| 2:11 | Queue | Villager (Male) |
| 2:28 | Queue | Villager (Male) |
| 2:56 | Research | Double-Bit Axe |
| 3:18 | Queue | Villager (Male) |
| 3:47 | Build | House |
| 3:53 | Queue | Villager (Male) |
| 4:03 | Build | Palisade Wall |
| 4:09 | Queue | Villager (Male) |
| 4:41 | Queue | Villager (Male) |
| 4:57 | Queue | Villager (Male) |
| 5:03 | Build | Palisade Wall |
| 5:29 | Queue | Villager (Male) |
| 5:46 | Queue | Villager (Male) |
| 5:47 | Research | Loom |
| 6:11 | Build | Mill |
| 6:46 | Research | Feudal Age |
| 7:20 | Build | House |
| 7:24 | Build | Palisade Wall |
| 7:45 | Build | House |
| 7:46 | Build | Palisade Wall |
| 7:58 | Build | Palisade Gate |
| 8:25 | Build | Barracks |
| 8:33 | Queue | Villager (Male) |
| 8:40 | Build | House |
| 8:58 | Age | Feudal Age |
| 9:19 | Queue | Flemish Militia |
| 9:19 | Queue | Flemish Militia |
| 9:22 | Build | House |
| 9:23 | Build | Palisade Wall |
| 9:26 | Queue | Villager (Male) |
| 9:26 | Queue | Villager (Male) |
| 9:30 | Research | Horse Collar |
| 9:41 | Build | Mining Camp |
| 9:47 | Queue | Villager (Male) |
| 10:03 | Build | Watch Tower |
| 10:09 | Queue | Villager (Male) |
| 10:20 | Build | Palisade Wall |
| 10:50 | Build | Farm |
| 11:11 | Queue | Villager (Male) |
| 11:12 | Queue | Villager (Male) |
| 11:20 | Queue | Flemish Militia |
| 11:22 | Queue | Villager (Male) |
| 11:39 | Queue | Villager (Male) |
| 11:51 | Build | Archery Range |
| 11:54 | Build | Watch Tower |
| 12:22 | Queue | Villager (Male) |
| 12:52 | Build | Farm |
| 12:54 | Build | Farm |
| 12:56 | Queue | Archer |
| 13:00 | Research | Bow Saw |
| 13:07 | Build | House |
| 13:16 | Build | Mining Camp |
| 13:17 | Queue | Villager (Male) |
| 13:17 | Queue | Villager (Male) |
| 13:20 | Build | Farm |
| 13:42 | Build | House |
| 13:44 | Queue | Villager (Male) |
| 13:46 | Build | Farm |
| 14:01 | Build | Farm |
| 14:27 | Queue | Villager (Male) |
| 14:33 | Build | Watch Tower |
| 14:44 | Queue | Villager (Male) |
| 14:57 | Queue | Villager (Male) |
| 15:03 | Build | Farm |
| 15:06 | Build | Farm |
| 15:17 | Build | Blacksmith |
| 15:21 | Build | Farm |
| 15:39 | Build | Palisade Wall |
| 15:40 | Build | Palisade Wall |
| 15:41 | Build | Palisade Wall |
| 15:42 | Build | Palisade Wall |
| 15:43 | Build | Palisade Wall |
| 15:43 | Build | Palisade Wall |
| 15:44 | Build | Palisade Wall |
| 15:45 | Build | Palisade Wall |
| 15:47 | Queue | Villager (Male) |
| 16:04 | Queue | Villager (Male) |
| 16:12 | Build | Market |
| 16:21 | Queue | Villager (Male) |
| 16:27 | Build | Palisade Wall |
| 17:22 | Research | Castle Age |
| 17:26 | Build | Lumber Camp |
| 17:46 | Build | Stable |
| 18:08 | Research | Gold Mining |
| 18:16 | Research | Scale Barding Armor |
| 18:44 | Research | Fletching |
| 19:28 | Queue | Villager (Male) |
| 20:02 | Age | Castle Age |
| 20:13 | Queue | Villager (Male) |
| 20:15 | Build | Monastery |
| 20:26 | Build | Castle |
| 20:28 | Queue | Villager (Male) |
| 20:32 | Build | Town Center |
| 20:43 | Queue | Villager (Male) |
| 20:56 | Queue | Knight |
| 21:03 | Queue | Monk |
| 21:04 | Queue | Monk |
| 21:11 | Build | Farm |
| 21:12 | Build | Farm |
| 21:35 | Research | Husbandry |
| 21:37 | Queue | Villager (Male) |
| 21:55 | Queue | Coustillier |
| 21:55 | Queue | Coustillier |
| 21:55 | Queue | Coustillier |
| 21:57 | Queue | Villager (Male) ×3 |
| 22:27 | Queue | Villager (Male) |
| 22:35 | Queue | Villager (Male) |
| 22:35 | Queue | Villager (Male) |
| 22:40 | Build | Farm |
| 22:42 | Build | Farm |
| 22:43 | Build | Farm |
| 22:43 | Build | Farm |
| 22:44 | Build | Farm |
| 22:44 | Build | Farm |
| 22:45 | Build | Farm |
| 22:45 | Build | Farm |
| 22:46 | Build | Farm |
| 22:48 | Queue | Villager (Male) |
| 22:48 | Queue | Villager (Male) |
| 23:06 | Queue | Villager (Male) |
| 23:16 | Build | Town Center |
| 23:21 | Queue | Villager (Male) |
| 23:30 | Queue | Villager (Male) |
| 23:40 | Queue | Coustillier |
| 23:48 | Queue | Villager (Male) |
| 23:48 | Queue | Villager (Male) |
| 23:54 | Queue | Coustillier |
| 24:05 | Research | Heavy Plow |
| 24:23 | Queue | Villager (Male) |
| 24:25 | Queue | Villager (Male) |
| 24:27 | Build | Farm |
| 24:29 | Build | House |
| 24:30 | Build | House |
| 24:31 | Build | House |
| 24:32 | Queue | Villager (Male) |
| 24:51 | Research | Wheelbarrow |
| 24:56 | Queue | Villager (Male) ×3 |
| 25:02 | Build | Farm |
| 25:02 | Build | Farm |
| 25:03 | Build | Farm |
| 25:04 | Build | Farm |
Build order — VL Guardian Azul
First 150 of 193 actions detected
| 0:01 | Queue | Villager (Male) |
| 0:01 | Queue | Villager (Male) |
| 0:02 | Build | House |
| 0:03 | Build | House |
| 0:05 | Queue | Villager (Male) |
| 0:06 | Queue | Villager (Male) |
| 0:06 | Queue | Villager (Male) |
| 0:06 | Queue | Villager (Male) |
| 1:39 | Queue | Villager (Male) |
| 1:39 | Queue | Villager (Male) |
| 1:44 | Build | Lumber Camp |
| 1:50 | Queue | Villager (Male) |
| 1:50 | Queue | Villager (Male) |
| 2:11 | Queue | Villager (Male) |
| 2:35 | Queue | Villager (Male) |
| 2:35 | Queue | Villager (Male) |
| 3:15 | Queue | Villager (Male) |
| 3:15 | Queue | Villager (Male) |
| 3:23 | Queue | Villager (Male) |
| 3:28 | Build | House |
| 4:02 | Queue | Villager (Male) |
| 4:03 | Queue | Villager (Male) |
| 4:16 | Build | House |
| 4:24 | Queue | Villager (Male) |
| 4:25 | Queue | Villager (Male) |
| 4:31 | Build | Palisade Wall |
| 4:35 | Build | House |
| 4:48 | Queue | Villager (Male) |
| 5:09 | Build | Palisade Wall |
| 5:15 | Queue | Villager (Male) |
| 5:15 | Queue | Villager (Male) |
| 5:16 | Queue | Villager (Male) |
| 5:16 | Queue | Villager (Male) |
| 5:39 | Queue | Villager (Male) |
| 6:01 | Queue | Villager (Male) |
| 6:05 | Queue | Villager (Male) |
| 6:09 | Build | House |
| 6:13 | Build | Palisade Wall |
| 6:14 | Build | Palisade Wall |
| 6:22 | Queue | Villager (Male) |
| 6:54 | Research | Loom |
| 7:04 | Build | Mining Camp |
| 7:22 | Build | Mill |
| 7:35 | Build | Palisade Wall |
| 7:50 | Build | Palisade Wall |
| 7:55 | Build | Palisade Wall |
| 8:03 | Build | Palisade Wall |
| 8:05 | Build | House |
| 8:09 | Research | Feudal Age |
| 8:22 | Build | Palisade Wall |
| 8:24 | Build | Palisade Wall |
| 10:31 | Age | Feudal Age |
| 10:37 | Build | Market |
| 10:38 | Queue | Villager (Male) |
| 10:50 | Queue | Villager (Male) |
| 10:57 | Queue | Villager (Male) |
| 11:13 | Build | Watch Tower |
| 11:33 | Build | Blacksmith |
| 12:03 | Build | Watch Tower |
| 12:16 | Queue | Villager (Male) |
| 12:20 | Queue | Villager (Male) |
| 12:33 | Queue | Villager (Male) |
| 12:35 | Queue | Villager (Male) |
| 12:56 | Build | House |
| 12:59 | Build | Palisade Wall |
| 13:13 | Queue | Villager (Male) |
| 13:24 | Build | House |
| 13:27 | Build | Outpost |
| 13:39 | Queue | Villager (Male) |
| 13:44 | Build | Farm |
| 13:59 | Build | House |
| 14:18 | Build | Watch Tower |
| 14:39 | Build | Palisade Gate |
| 14:47 | Queue | Villager (Male) |
| 14:48 | Build | Farm |
| 15:09 | Research | Castle Age |
| 15:28 | Build | House |
| 15:31 | Build | House |
| 16:18 | Research | Double-Bit Axe |
| 16:27 | Build | Farm |
| 16:33 | Build | House |
| 17:03 | Queue | Villager (Male) |
| 17:16 | Build | Farm |
| 17:19 | Build | Farm |
| 17:40 | Build | Farm |
| 17:52 | Age | Castle Age |
| 17:53 | Build | Siege Workshop |
| 17:57 | Build | Stone Wall |
| 17:58 | Build | Stone Wall |
| 18:10 | Queue | Villager (Male) |
| 18:13 | Queue | Villager (Male) |
| 18:23 | Queue | Mangonel |
| 18:30 | Build | Gate |
| 18:46 | Build | Farm |
| 20:27 | Build | Town Center |
| 21:06 | Queue | Scorpion |
| 21:11 | Queue | Villager (Male) |
| 21:26 | Build | Town Center |
| 21:45 | Queue | Villager (Male) |
| 21:49 | Queue | Villager (Male) |
| 22:16 | Build | Gate |
| 22:35 | Queue | Villager (Male) |
| 22:37 | Queue | Villager (Male) |
| 22:42 | Build | Outpost |
| 22:42 | Queue | Villager (Male) |
| 22:49 | Queue | Villager (Male) |
| 22:59 | Build | Monastery |
| 23:09 | Build | Lumber Camp |
| 23:24 | Build | Stone Wall |
| 23:25 | Queue | Villager (Male) |
| 23:31 | Queue | Villager (Male) |
| 23:36 | Build | Farm |
| 23:36 | Build | Farm |
| 23:37 | Queue | Villager (Male) |
| 23:50 | Queue | Villager (Male) |
| 24:04 | Queue | Monk |
| 24:05 | Queue | Villager (Male) |
| 24:21 | Queue | Villager (Male) |
| 24:25 | Build | Stone Wall |
| 24:28 | Queue | Monk |
| 24:31 | Build | Stone Wall |
| 24:32 | Build | Stone Wall |
| 24:34 | Build | Stone Wall |
| 24:35 | Queue | Villager (Male) |
| 24:41 | Queue | Villager (Male) |
| 24:53 | Build | Outpost |
| 25:08 | Build | Castle |
| 25:10 | Queue | Villager (Male) |
| 25:22 | Build | Mining Camp |
| 25:25 | Build | Lumber Camp |
| 25:26 | Queue | Villager (Male) |
| 25:30 | Queue | Monk |
| 25:36 | Build | Stone Wall |
| 25:38 | Build | Stone Wall |
| 25:56 | Queue | Magyar Huszar |
| 25:56 | Queue | Magyar Huszar |
| 26:01 | Queue | Villager (Male) |
| 26:03 | Build | Farm |
| 26:07 | Research | Horse Collar |
| 26:09 | Build | Farm |
| 26:09 | Build | Farm |
| 26:10 | Build | Farm |
| 26:24 | Queue | Magyar Huszar |
| 26:34 | Build | Palisade Wall |
| 26:38 | Build | Outpost |
| 26:46 | Queue | Magyar Huszar |
| 27:53 | Queue | Magyar Huszar |
| 27:53 | Queue | Magyar Huszar |
| 28:07 | Queue | Villager (Male) |
| 28:10 | Queue | Villager (Male) |
Match timeline
| 4:03 | Arietta Fine · wall_segment Palisade Wall x13 |
| 4:31 | VL Guardian Azul · wall_segment Palisade Wall x1 |
| 5:03 | Arietta Fine · wall_segment Palisade Wall x1 |
| 5:09 | VL Guardian Azul · wall_segment Palisade Wall x7 |
| 6:13 | VL Guardian Azul · wall_segment Palisade Wall x4 |
| 6:14 | VL Guardian Azul · wall_segment Palisade Wall x8 |
| 7:24 | Arietta Fine · wall_segment Palisade Wall x3 |
| 7:35 | VL Guardian Azul · wall_segment Palisade Wall x5 |
| 7:46 | Arietta Fine · wall_segment Palisade Wall x1 |
| 7:50 | VL Guardian Azul · wall_segment Palisade Wall x8 |
| 7:55 | VL Guardian Azul · wall_segment Palisade Wall x1 |
| 8:03 | VL Guardian Azul · wall_segment Palisade Wall x6 |
| 8:22 | VL Guardian Azul · wall_segment Palisade Wall x7 |
| 8:24 | VL Guardian Azul · wall_segment Palisade Wall x6 |
| 8:25 | Arietta Fine · first_building Barracks |
| 8:58 | Arietta Fine · age_up feudal |
| 9:23 | Arietta Fine · wall_segment Palisade Wall x2 |
| 10:20 | Arietta Fine · wall_segment Palisade Wall x5 |
| 10:31 | VL Guardian Azul · age_up feudal |
| 11:23 | VL Guardian Azul · first_market_buy 100 stone |
| 11:51 | Arietta Fine · first_building Archery Range |
| 12:59 | VL Guardian Azul · wall_segment Palisade Wall x1 |
| 15:39 | Arietta Fine · wall_segment Palisade Wall x1 |
| 15:40 | Arietta Fine · wall_segment Palisade Wall x1 |
| 15:41 | Arietta Fine · wall_segment Palisade Wall x1 |
| 15:42 | Arietta Fine · wall_segment Palisade Wall x1 |
| 15:43 | Arietta Fine · wall_segment Palisade Wall x1 |
| 15:43 | Arietta Fine · wall_segment Palisade Wall x1 |
| 15:44 | Arietta Fine · wall_segment Palisade Wall x1 |
| 15:45 | Arietta Fine · wall_segment Palisade Wall x1 |
| 16:27 | Arietta Fine · wall_segment Palisade Wall x1 |
| 17:19 | Arietta Fine · first_market_buy 100 food |
| 17:21 | Arietta Fine · first_market_sell 100 wood |
| 17:46 | Arietta Fine · first_building Stable |
| 17:52 | VL Guardian Azul · age_up castle |
| 17:53 | VL Guardian Azul · first_building Siege Workshop |
| 17:57 | VL Guardian Azul · wall_segment Stone Wall x1 |
| 17:58 | VL Guardian Azul · wall_segment Stone Wall x1 |
| 20:02 | Arietta Fine · age_up castle |
| 20:15 | Arietta Fine · first_building Monastery |
| 20:26 | Arietta Fine · first_building Castle |
| 22:59 | VL Guardian Azul · first_building Monastery |
| 23:24 | VL Guardian Azul · wall_segment Stone Wall x5 |
| 24:25 | VL Guardian Azul · wall_segment Stone Wall x6 |
| 24:31 | VL Guardian Azul · wall_segment Stone Wall x1 |
| 24:32 | VL Guardian Azul · wall_segment Stone Wall x1 |
| 24:34 | VL Guardian Azul · wall_segment Stone Wall x3 |
| 25:08 | VL Guardian Azul · first_building Castle |
| 25:36 | VL Guardian Azul · wall_segment Stone Wall x1 |
| 25:38 | VL Guardian Azul · wall_segment Stone Wall x6 |
| 26:34 | VL Guardian Azul · wall_segment Palisade Wall x6 |
| 28:32 | VL Guardian Azul · wall_segment Stone Wall x10 |
| 28:33 | VL Guardian Azul · wall_segment Stone Wall x1 |
| 28:34 | VL Guardian Azul · wall_segment Stone Wall x1 |
| 28:56 | Arietta Fine · first_building Siege Workshop |
| 30:24 | VL Guardian Azul · first_market_sell 100 wood |
| 31:00 | VL Guardian Azul · wall_segment Stone Wall x1 |
| 31:10 | VL Guardian Azul · wall_segment Stone Wall x1 |
| 31:23 | VL Guardian Azul · wall_segment Stone Wall x6 |
| 32:09 | VL Guardian Azul · wall_segment Stone Wall x1 |
| 32:10 | VL Guardian Azul · wall_segment Stone Wall x1 |
| 32:11 | VL Guardian Azul · wall_segment Stone Wall x1 |
| 32:11 | VL Guardian Azul · wall_segment Stone Wall x1 |
| 32:11 | VL Guardian Azul · wall_segment Stone Wall x1 |
| 32:11 | VL Guardian Azul · wall_segment Stone Wall x1 |
| 32:14 | VL Guardian Azul · wall_segment Stone Wall x3 |
| 32:15 | VL Guardian Azul · wall_segment Stone Wall x2 |
| 32:15 | VL Guardian Azul · wall_segment Stone Wall x1 |
| 32:16 | VL Guardian Azul · wall_segment Stone Wall x1 |
| 32:16 | VL Guardian Azul · wall_segment Stone Wall x1 |
| 32:35 | Arietta Fine · age_up imperial |
| 32:48 | VL Guardian Azul · resign |
[ AI ANALYSIS · 1 CREDIT ]
What really happened in this match?
Wolo.gg analyzes every decision: build order, eco, micro, common mistakes by bracket. Personalized analysis on WhatsApp or Discord in 30 seconds.
Civ guide
Burgundians
Perfil
Arietta Fine